 Dungeon Crawl Stone Soup version 0.31-a0-424-g41b3b0883d (webtiles) character file.

Game seed: 2491905616017572160

5641 Morbidden the Grappler (level 10, -7/139 HPs)
             Began as a Troll Shapeshifter on July 30, 2023.
             Was a Follower of Cheibriados.
             Mangled by a two-headed ogre
             ... wielding a +0 giant club
              (11 damage)
             ... on level 9 of the Dungeon.
             The game lasted 00:09:35 (6863 turns).

Morbidden the Grappler (Troll Shapeshifter)         Turns: 6863, Time: 00:09:36

Health: -7/139     AC: 21    Str: 31    XL:     10   Next: 46%
Magic:  9/9        EV:  1    Int:  6    God:    Cheibriados [*.....]
Gold:   1436       SH:  0    Dex: 12    Spells: 9/9 levels left

rFire   . .          .
                       - Unarmed
rCold   . . .        (no shield)
rNeg    . . .        L - melded +0 troll leather armour
rPois   +            (helmet currently unavailable)
rElec   .            (cloak currently unavailable)
rCorr   .            (gloves unavailable)
SInv    .            (boots unavailable)
Will    .....        (no amulet)
Stlth   ++           (no ring)
HPRegen 1.23/turn    (no ring)
MPRegen 0.11/turn

%: no passive effects
@: tree-form, corroded, very slow
A: stationary, stasis, torment immunity, boosted hp, large, unfitting armour,
(claws 3), regeneration 1, (shaggy fur 1), (tough skin 1)
a: Renounce Religion, Bend Time


You were on level 9 of the Dungeon.
You worshipped Cheibriados.
Cheibriados was aware of your devotion.
You were a tree.
You visited 2 branches of the dungeon, and saw 10 of its levels.
You also visited: Sewer.

You collected 1436 gold pieces.

Inventory:

Missiles
 h - 23 poisoned darts (quivered)
 i - 10 stones
 n - 3 javelins
 s - 2 curare-tipped darts
 B - 4 large rocks
Armour
 a - a +2 hat
 K - +0 steam dragon scales
 L - a +0 troll leather armour (melded)
Jewellery
 M - a ring of flight
Talismans
 c - a beast talisman
Wands
 k - a wand of polymorph (10)
 p - a wand of flame (15)
 x - a wand of roots (8)
 y - a wand of paralysis (7)
 F - a wand of mindburst (8)
Scrolls
 f - 2 scrolls of silence
 o - 3 scrolls of blinking {unknown}
 t - a scroll of enchant weapon {unknown}
 v - a scroll of revelation {unknown}
 w - a scroll of summoning {unknown}
 A - 2 scrolls of fog {unknown}
 C - a scroll of noise {unknown}
 D - 7 scrolls of identify
 E - a scroll of fear {unknown}
 G - 2 scrolls of torment {unknown}
 I - 4 scrolls of teleportation
 J - a scroll of amnesia {unknown}
Potions
 d - 4 potions of heal wounds {unknown}
 e - 3 potions of haste {unknown}
 g - 2 potions of might {unknown}
 j - a potion of ambrosia {unknown}
 l - a potion of mutation {unknown}
 m - 2 potions of curing {unknown}
 q - a potion of cancellation {unknown}
 r - 4 potions of invisibility {unknown}
 u - 2 potions of magic {unknown}
 z - a potion of attraction {unknown}
 H - a potion of brilliance {unknown}


   Skills:
 * Level 4.3 Fighting
 + Level 3.1 Throwing
 + Level 0.3 Armour
 * Level 5.2 Dodging
 + Level 1.7 Stealth
 * Level 10.9 Unarmed Combat
 * Level 1.3 Invocations
 + Level 0.2 Evocations
 * Level 6.4 Shapeshifting


You had 9 spell levels left.
You didn't know any spells.
Your spell library contained the following spells:

 Spells                   Type           Power      Damage    Failure   Level
 Sting                    Tmut/Pois      0%         1d3       45%         1
 Poisonous Vapours        Pois/Air       0%         N/A       58%         2
 Gell's Gravitas          Tloc           0%         N/A       83%         3
 Teleport Other           Tloc           0%         N/A       83%         3
 Olgreb's Toxic Radiance  Pois           0%         N/A       99%         4
 Dispersal                Tloc           0%         N/A       100%        6


Dungeon Overview and Level Annotations

Branches:
Dungeon (10/15)            Temple (1/1) D:4            Lair (0/5) D:10
  Sewer (visited)
    Orc: D:9-12

Altars:
Ashenzari
Cheibriados
Dithmenos
Elyvilon
Fedhas
Gozag
Hepliaklqana
Kikubaaqudgha
Makhleb
Nemelex Xobeh
Okawaru
Qazlal
Ru
Sif Muna
Trog
Uskayaw
Vehumet
Wu Jian
Xom
Zin
The Shining One


Innate Abilities, Weirdness & Mutations

You are a tree.
Your roots penetrate the ground, keeping you stationary.
You cannot be teleported.
You are immune to unholy pain and torment.
Your maximum health is greatly increased.
Your equipment is partially melded.
You are too large for most types of armour.
((You have claws for hands.))
Your natural rate of healing is unusually fast.
((You are covered in fur. (AC +1)))
((You have tough skin. (AC +1)))


Message History

Unknown command.
A centaur comes into view.
The centaur wields a +0 shortbow.
The centaur shoots an arrow.
The arrow barely misses you. The two-headed ogre barely misses you.
The two-headed ogre hits you with a +0 giant club!
* * * LOW HITPOINT WARNING * * *
The centaur shoots an arrow.
The arrow closely misses you.
Unknown command.
Really quaff the potion of lignification?
Your transformation has ended.
You turn into a tree.
Your +0 troll leather armour melds into your body.
Your roots penetrate the ground.
The centaur shoots an arrow.
The arrow completely misses you.
The two-headed ogre hits you but does no damage.
The two-headed ogre hits you with a +0 giant club.
* * * LOW HITPOINT WARNING * * *
You closely miss the two-headed ogre.
The centaur shoots an arrow.
The arrow hits you but does no damage.
The centaur shoots an arrow.
The arrow hits you but does no damage.
Unknown command.
Unknown command.
You barely miss the two-headed ogre.
The two-headed ogre hits you but does no damage.
The two-headed ogre hits you with a +0 giant club!
* * * LOW HITPOINT WARNING * * *
The centaur shoots an arrow.
The arrow hits you but does no damage.
Unknown command.
Unknown command.
You pummel the two-headed ogre!!
The two-headed ogre is heavily wounded.
The centaur shoots an arrow.
The arrow hits you but does no damage.
Unknown command.
Unknown command.
Unknown command.
Unknown command.
You hit the two-headed ogre.
The two-headed ogre is severely wounded.
The two-headed ogre hits you with a +0 giant club!
You die...

....[...........# #
........##.#....#
#..........##.....###
....##.....##...#...##
..##
#...#.##...##...##
.... ....
............# .....
..##........# .....
##. #....)..## ..... .
#..♣.....# ...#
........O....# ..#
.............#
............##
..............
...............
.......c.......
........##.....


You could see a two-headed ogre and a centaur.

Vanquished Creatures
  A two-headed ogre (D:10)
  2 trolls (D:10)
  Prince Ribbit (D:6)
  A hornet (D:10)
  A shadow (D:10)
  A steam dragon (D:10)
  Edmund (D:6)
  2 vampire mosquitoes (D:9)
  An acid dragon (D:9)
  A water moccasin (D:7)
  2 orc warriors
  3 black bears
  2 ice beasts
  4 ogres
  3 wolves (D:10)
  A centaur (D:9)
  3 phantoms
  4 kobold brigands
  Blork the orc (D:4)
  A bullfrog (D:6)
  A gnoll sergeant (D:6)
  2 scorpions (D:5)
  2 electric eels (D:10)
  4 howler monkeys
  2 jellies
  A gnoll bouda (D:6)
  5 orc priests
  9 hounds
  A sleepcap (D:6)
  Ijyb (D:3)
  Jessica (D:2)
  2 iguanas
  4 orc wizards
  8 gnolls (D:6)
  10 adders
  2 worms
  2 dart slugs
  20 orcs
  7 bats
  6 endoplasms
  8 giant cockroaches
  10 goblins
  8 hobgoblins
  4 quokkas
  9 ball pythons
  2 frilled lizards
  25 kobolds
  12 rats
204 creatures vanquished.

Notes
Turn   | Place    | Note
-------+----------+-------------------------------------------
     0 | D:1      | Morbidden the Troll Shapeshifter began the quest for the
                  | Orb.
     0 | D:1      | Reached XP level 1. HP: 18/18 MP: 0/0
   232 | D:1      | Reached XP level 2. HP: 26/26 MP: 1/1
   595 | D:1      | Reached XP level 3. HP: 32/32 MP: 2/2
   994 | D:2      | Noticed Jessica
   998 | D:2      | Killed Jessica
   999 | D:2      | Reached skill level 1 in Fighting
  1015 | D:2      | Reached XP level 4. HP: 41/41 MP: 3/3
  1115 | D:2      | Reached skill level 4 in Unarmed Combat
  1546 | D:3      | Identified a scroll of acquirement
  1546 | D:3      | Acquired 937 gold pieces
  1670 | D:3      | Reached XP level 5. HP: 36/48 MP: 4/4
  1703 | D:3      | Found a glowing drain.
  1753 | Sewer    | Entered a sewer
  1918 | Sewer    | Reached skill level 5 in Unarmed Combat
  1918 | Sewer    | Reached XP level 6. HP: 53/55 MP: 5/5
  2160 | D:3      | Noticed Ijyb
  2171 | D:3      | Killed Ijyb
  2211 | D:3      | Found a hazy altar of Hepliaklqana.
  2369 | D:3      | Found a faded altar of an unknown god.
  2683 | D:4      | Reached skill level 6 in Unarmed Combat
  2683 | D:4      | Reached XP level 7. HP: 42/63 MP: 6/6
  2857 | D:4      | Noticed Blork the orc
  2862 | D:4      | Killed Blork the orc
  3170 | D:4      | Found an ornate altar of the Wu Jian Council.
  3171 | D:4      | Found an ancient bone altar of Kikubaaqudgha.
  3289 | D:4      | Found a staircase to the Ecumenical Temple.
  3304 | D:4      | Reached skill level 5 in Shapeshifting
  3318 | Temple   | Entered the Ecumenical Temple
  3425 | D:4      | Reached skill level 1 in Stealth
  3425 | D:4      | Reached skill level 7 in Unarmed Combat
  3425 | D:4      | Reached XP level 8. HP: 72/72 MP: 7/7
  3514 | D:5      | Entered Level 5 of the Dungeon
  4485 | D:6      | Reached skill level 8 in Unarmed Combat
  4519 | D:6      | Reached skill level 1 in Throwing
  4611 | D:6      | Reached XP level 9. HP: 36/81 MP: 8/8
  5355 | D:6      | Noticed Edmund
  5367 | D:6      | Killed Edmund
  5423 | D:6      | Noticed Prince Ribbit
  5443 | D:6      | Killed Prince Ribbit
  5444 | D:6      | Reached skill level 9 in Unarmed Combat
  5696 | D:7      | You fall into a shaft and drop 3 floors!
  5696 | D:10     | Entered Level 10 of the Dungeon
  5714 | D:10     | Noticed a two-headed ogre
  5733 | D:10     | Killed a two-headed ogre
  5740 | D:10     | Reached skill level 5 in Dodging
  5740 | D:10     | Reached skill level 10 in Unarmed Combat
  5764 | D:10     | Reached XP level 10. HP: 86/92 MP: 9/9
  6275 | D:10     | Found a snail-covered altar of Cheibriados.
  6307 | D:10     | Became a worshipper of Cheibriados the Contemplative
  6366 | D:10     | Reached skill level 1 in Invocations
  6370 | D:10     | Found a staircase to the Lair.
  6381 | D:10     | Paralysed by a hornet for 1 turns
  6617 | D:9      | Found a sacrificial altar of Ru.
  6617 | D:9      | Found a hide-covered altar of Uskayaw.
  6655 | D:9      | Reached * piety under Cheibriados
  6852 | D:9      | Noticed a two-headed ogre
  6861 | D:9      | HP: 2/139 [two-headed ogre/+0 giant club (16)]
  6863 | D:9      | Mangled by a two-headed ogre

Illustrated notes

Levels and vault maps discovered:
D:1:      psy_arrival_basics, layout_loops_corners
D:2:      layout_loops_cross, uniq_jessica
D:3:      layout_basic, overflow_temple_1_default, gup_sewer_entry_glass,
          shapermc_ecumenical_altar_mp_vishouse, uniq_ijyb
D:4:      layout_loops_corners, gammafunk_temple_overflow_pools,
          minmay_temple_entry_fiery, uniq_blork_the_orc
D:5:      layout_basic, minmay_holes, dk_rats_in_the_wall
D:6:      layout_gridville, minivault_1, serial_bayou_pond_c,
          roderic_roman_lattice, uniq_edmund, uniq_prince_ribbit1
D:7:      layout_cave_pods, general_overflow_altar
D:9:      layout_cave_pools, nicolae_overflow_two_pavilions, minmay_hedge_maze
D:10:     layout_roguey, cheibrodos_worm_habitat, erik_lair_island,
          kennysheep_boxes
Temple:   minmay_freezing_vapour_temple

Skill      XL: |  1  2  3  4  5  6  7  8  9 10 |
---------------+-------------------------------+-----
Fighting       | 1 2 3 4 |  4.3
Unarmed Combat | 4 5 6 7 8 10 | 10.9
Dodging        | 2 4 5 |  5.2
Shapeshifting  | 4 5 6 |  6.4
Stealth        | 1 |  1.7
Throwing       | 1 2 3 |  3.1
Invocations    | 1 |  1.3
Armour         | |  0.3
Evocations     | |  0.2

Action                     |  1- 3 |  4- 6 |  7- 9 | 10-12 || total
---------------------------+-------+-------+-------+-------++-------
  Melee: Unarmed           |    60 |   154 |   210 |    90 ||   514
         Punch             |     2 |     3 |    13 |     4 ||    22
  Throw: Stone             |       |       |    90 |    15 ||   105
         Dart              |       |       |       |    16 ||    16
  Evoke: Wand              |       |       |     2 |     3 ||     5
    Use: Scroll            |       |     5 |       |       ||     5
         Potion            |       |       |     2 |     1 ||     3
   Stab: Sleeping          |     1 |     3 |       |       ||     4
         Distracted        |       |       |       |     1 ||     1
 Armour: Animal skin       |    19 |    42 |    45 |     2 ||   108
         Skin              |       |       |    27 |     6 ||    33
         Troll leather arm |       |       |       |    16 ||    16
         Steam dragon scal |       |       |       |     7 ||     7
  Dodge: Dodged            |    17 |    51 |    87 |    61 ||   216

Table legend: (Time is in decaauts)
 A = Elapsed time spent in this place.
 B = Non-inter-level travel time spent in this place.
 C = Inter-level travel time spent in this place.
 D = Time resting spent in this place.
 E = Time spent auto-exploring this place.
 F = Levels seen in this place.
 G = Mean time per level.
                   A        B        C        D        E       F      G
               +--------+--------+--------+--------+--------+-----+--------+
         Total |   6907 |   6723 |    184 |    739 |   4561 |  11 |  627.9 |
       Dungeon |   6640 |   6456 |    184 |    739 |   4416 |   9 |  737.8 |
        Temple |      1 |      1 |      0 |      0 |      0 |   1 |    1.0 |
         Sewer |    265 |    265 |      0 |      0 |    145 |   1 |  265.0 |
               +--------+--------+--------+--------+--------+-----+--------+

Top non-repeatable levels by time:
     D:6: 1373 daAuts
     D:4: 1017 daAuts
    D:10: 935 daAuts
     D:1: 881 daAuts
     D:5: 767 daAuts
     D:3: 669 daAuts
     D:2: 652 daAuts
     D:9: 316 daAuts
   Sewer: 265 daAuts
     D:7: 27 daAuts
  Temple: 1 daAuts
